[Event "Early-Titled-Tuesday-Blitz-March-12-2024"]
[Site "Chess.com"]
[Date "2024.03.12"]
[Round "4"]
[White "electrosaw"]
[Black "DonkyDonkyDonkey"]
[Result "0-1"]
[WhiteElo "2554"]
[BlackElo "2886"]
[TimeControl "180+1"]
[EndTime "8:39:03 PDT"]
[Termination "DonkyDonkyDonkey won by resignation"]

1. g3 e5 2. Bg2 d5 3. b3 Nf6 4.
Bb2 Nc6 5. e3 Bd6 6. Ne2 e4 7.
h3 h5 8. d3 Bf5 9. a3 Qe7 10. b4 O-O-O 11. d4 Qe6 12. Nd2 g5 13. Nb3 h4 14. g4 Nxg4 15. hxg4 Bxg4 16. Nc5 Bxc5 17.
dxc5 d4 18. Bxd4 h3 19. Bf1 Ne5 20. Kd2 Bf3 21. Rh2 f6 22. Kc3 Ng4 23. Rxh3 Nxf2 24. Qe1 Nxh3 25. Qg3 Rh6 26. Kb2 Qg4 27. Qxg4+ Bxg4 28. Nc3 f5 29. c6 Rxc6 30. Nb5 Rh6 31. Nxa7+ Kb8 32. Nb5 f4 33. Be5 Rc6 34. Nd4 Rh6 35. Bxh3 Bxh3 36. exf4 gxf4 37. Bxf4 Rg6 38. Be5 Rd5 39.
Bh8 Rh5 0-1

[Event "Early-Titled-Tuesday-Blitz-March-12-2024"]
[Site "Chess.com"]
[Date "2024.03.12"]
[Round "4"]
[White "Witik"]
[Black "SilverSwords13"]
[Result "0-1"]
[WhiteElo "2743"]
[BlackElo "2510"]
[TimeControl "180+1"]
[EndTime "8:39:05 PDT"]
[Termination "SilverSwords13 won on time"]

1. d4 d5 2. Bf4 Nf6 3. e3 c5 4. Nf3 Nc6 5. Nbd2 e6 6. c3 cxd4 7. exd4 Nh5 8. Be3 Bd6 9. g3 f5 10. Ne5 Nf6 11. Bb5 Qb6 12. Qa4 Bd7 13. Nxd7 Kxd7 14.
O-O Rae8 15. Nf3 Kc7 16. Ne5 Ng4 17. Nxg4 fxg4 18. c4 a6 19. Bxc6 Qxc6 20. Qd1 dxc4 21. Qxg4 g6 22. Rac1 b5 23. b3 c3 24. b4 Bxb4 25.
d5 Qc4 26. Qxc4+ bxc4 27. Bd4 exd5 28. a3 Ba5 29. Rfd1 Kc6 30. Bxh8 Rxh8 31. Kg2 Kc5 0-1

[Event "Early-Titled-Tuesday-Blitz-March-12-2024"]
[Site "Chess.com"]
[Date "2024.03.12"]
[Round "4"]
[White "Switzerlamb"]
[Black "Zohid6"]
[Result "0-1"]
[WhiteElo "2557"]
[BlackElo "2897"]
[TimeControl "180+1"]
[EndTime "8:39:05 PDT"]
[Termination "Zohid6 won by resignation"]

1. Nf3 Nf6 2. c4 e6 3. Nc3 d5 4. d4 c6 5. g3 dxc4 6. Bg2 Nbd7 7. O-O b5 8. e4 Be7 9. d5 cxd5 10. exd5 exd5 11. Nxd5 O-O 12. Nxe7+ Qxe7 13. Nd4 Nb6 14. Nxb5 Bg4 15. Qc2 Rad8 16. Be3 Rfe8 17. Bxb6 axb6 18. Na3 Qc5 19. Rfe1 b5 20. h3 Bf5 21. Rxe8+ Rxe8 22. Qc3 Bd3 23. Nc2 Re2 24. Ne3 h5 25. a3 h4 26. gxh4 Nh5 27. Re1 Nf4 28. Bf3 Nxh3+ 29.
Kh2 Rxf2+ 30. Kxh3 Rxf3+ 31. Kg2 Rxe3 0-1

[Event "Early-Titled-Tuesday-Blitz-March-12-2024"]
[Site "Chess.com"]
[Date "2024.03.12"]
[Round "4"]
[White "DrRiebert"]
[Black "guillembaches"]
[Result "1-0"]
[WhiteElo "2401"]
[BlackElo "2539"]
[TimeControl "180+1"]
[EndTime "8:39:05 PDT"]
[Termination "DrRiebert won by resignation"]

1. e4 c5 2. Nf3 d6 3. d4 cxd4 4. Nxd4 Nf6 5. Nc3 Nc6 6. Nb3 g6 7. f3 Bg7 8. Be3 O-O 9. Qd2 a5 10. Bb5 Be6 11. O-O-O Nb4 12. Kb1 d5 13. a3 Na6 14.
exd5 Bd7 15. Bc4 Ne8 16. Bd4 Nd6 17. Bxg7 Kxg7 18. Qd4+ Kg8 19. Bxa6 bxa6 20. h4 Rb8 21. h5 Nf5 22. Qe5 a4 23. hxg6 fxg6 24. Nc5 Rxb2+ 25. Kxb2 Qb6+ 26. Nb3 axb3 27. cxb3 Rb8 28.
b4 a5 29. Rxh7 Kxh7 30. Rh1+ Kg8 31. Qh8+ Kf7 32. Rh7+ 1-0

[Event "Early-Titled-Tuesday-Blitz-March-12-2024"]
[Site "Chess.com"]
[Date "2024.03.12"]
[Round "4"]
[White "Shuvalov"]
[Black "AlessiaSanteramo"]
[Result "1-0"]
[WhiteElo "2523"]
[BlackElo "2255"]
[TimeControl "180+1"]
[EndTime "8:39:06 PDT"]
[Termination "Shuvalov won on time"]

1. d4 Nf6 2. c4 e6 3. Nc3 Bb4 4. e3 O-O 5. a3 Bxc3+ 6. bxc3 c5 7. Ne2 d6 8. Ng3 e5 9. d5 e4 10. f3 Re8 11. Nxe4 Nxe4 12. fxe4 Qh4+ 13. Kd2 Qxe4 14. Qf3 Qh4 15. Bd3 Nd7 16. Qf4 Qe7 17. Kc2 Ne5 18. Be2 Ng6 19. Qf3 Qe5 20. Bd3 Bd7 21. a4 Nh4 22. Qg3 Qxg3 23. hxg3 Ng6 24. e4 Rad8 25. Bf4 Bc8 26. a5 Ne5 27. Bxe5 Rxe5 28. Rhf1 Rde8 29. Rf4 g5 30. Rf6 Bg4 31. Rxd6 Bh5 32. Rb1 R8e7 33. Rd8+ Kg7 34. d6 R7e6 35. Rxb7 Bg6 36. d7 Rd6 37. Re8 Rxd7 38. Rxd7 Rxe8 39. Rxa7 Bxe4 40. Bxe4 Rxe4 41.
a6 Re2+ 42. Kb3 Re1 43. Ka4 Rb1 44. Rb7 h5 45. Rxb1 1-0

[Event "Early-Titled-Tuesday-Blitz-March-12-2024"]
[Site "Chess.com"]
[Date "2024.03.12"]
[Round "4"]
[White "SaiAgni_98"]
[Black "effefe"]
[Result "1-0"]
[WhiteElo "2562"]
[BlackElo "2401"]
[TimeControl "180+1"]
[EndTime "8:39:09 PDT"]
[Termination "SaiAgni_98 won on time"]

1. e4 c5 2. Nf3 d6 3. d4 cxd4 4. Qxd4 Nc6 5. Qe3 Nf6 6. h3 g6 7. Be2 Bg7 8. O-O O-O 9. c4 Nd7 10. Nc3 Nde5 11. Rd1 Nxf3+ 12. Bxf3 Ne5 13. Be2 Be6 14.
b3 a6 15. Bb2 Rc8 16. Rd2 Qa5 17. Rad1 Rc6 18. Nd5 Bxd5 19. exd5 Rcc8 20. f4 Nd7 21. Bxg7 Kxg7 22. Qxe7 Qc5+ 23. Kh1 Nf6 24. Qxb7 Ne4 25. Rc2 Nf2+ 26. Kh2 Nxd1 27. Bxd1 Qe3 28. g3 Qd3 29. Qxa6 Qxd1 30. Rg2 Rcd8 31. Qa5 Qd3 32. Rd2 Qe3 33. h4 Rfe8 34. Rg2 h5 35. Qb4 Qd4 36. a4 Re3 37. a5 Qd3 38. Qb6 Rd7 39. a6 Qxb3 40. Qd4+ Kh7 41.
a7 Re8 42. Rb2 Qa4 43. Rb8 Re2+ 44. Kh3 1-0

[Event "Early-Titled-Tuesday-Blitz-March-12-2024"]
[Site "Chess.com"]
[Date "2024.03.12"]
[Round "4"]
[White "Veleamater"]
[Black "killer_dreams"]
[Result "1-0"]
[WhiteElo "2311"]
[BlackElo "2513"]
[TimeControl "180+1"]
[EndTime "8:39:09 PDT"]
[Termination "Veleamater won on time"]

1. g3 d5 2. Bg2 g6 3. d3 Bg7 4.
Nf3 e5 5. O-O Ne7 6. Nc3 d4 7. Nb1 O-O 8. e4 c5 9. h3 Nbc6 10. a4 a6 11. Na3 h6 12. Ne1 b5 13. f4 f6 14. Nf3 Be6 15. Bd2 g5 16. fxe5 fxe5 17. axb5 axb5 18. Nxb5 Qb6 19. c4 dxc3 20.
Nxc3 c4+ 21. Kh2 cxd3 22. Rxa8 Rxa8 23. Bxg5 Qxb2 24. Bd2 Rd8 25. Rf2 Qb6 26. Rf1 Nd4 27. Nh4 Qb2 28. Rf2 Nc2 29. Nd5 Nxd5 30. exd5 Bxd5 31. Qg4 Bxg2 32. Rxg2 Qb7 33. Nf5 Kh7 34. Qh5 1-0

[Event "Early-Titled-Tuesday-Blitz-March-12-2024"]
[Site "Chess.com"]
[Date "2024.03.12"]
[Round "4"]
[White "HATilay"]
[Black "PLAYER_2006_M"]
[Result "0-1"]
[WhiteElo "2704"]
[BlackElo "2988"]
[TimeControl "180+1"]
[EndTime "8:39:12 PDT"]
[Termination "PLAYER_2006_M won by resignation"]

1. e4 e5 2. Nf3 Nf6 3. d4 Nxe4 4.
Bd3 d5 5. Nxe5 Nd7 6. Nxd7 Bxd7 7. Nd2 Nxd2 8. Bxd2 Qe7+ 9. Qe2 Qxe2+ 10. Kxe2 Bd6 11.
Rhe1 f6 12. Kf1+ Kf7 13. h3 h5 14. c4 dxc4 15. Bxc4+ Kg6 16. Bd3+ Bf5 17. Bc4 Rae8 18. Rxe8 Rxe8 19. Re1 Rd8 20. Be3 a6 21. a3 b5 22.
Be2 Be4 23. Rc1 Bd5 24. Bd3+ Kf7 25. Be2 g6 26. Bd3 Rb8 27. Bd2 c6 28. f3 Bg3 29.
Be4 Bc4+ 30. Kg1 Rd8 31. Be3 Rd6 32. b3 Bxb3 33. Rxc6 Rxc6 34. Bxc6 Ke6 35. Bb7 a5 36. Bc6 b4 37. axb4 axb4 38. Bd2 Bd6 39. Kf2 Bc4 40.
Ba4 b3 41. Bc1 g5 42. Bb2 h4 43. Ke3 Bf4+ 44. Kf2 Kd5 45. Be8 Ke6 46. Ba4 Bd2 47. Be8 Kf5 48. Ba4 Kf4 49. Kg1 Bd5 50. Kf2 Be3+ 51.
Kf1 Bc4+ 52. Ke1 Kg3 53. d5 Bxd5 54. Kd1 Kxg2 55. Bxf6 Kxh3 56. Ke2 Bc1 57. Bd7+ Kg3 58. Be5+ Bf4 59. Bb2 Bxf3+ 60. Kd3 h3 0-1

[Event "Early-Titled-Tuesday-Blitz-March-12-2024"]
[Site "Chess.com"]
[Date "2024.03.12"]
[Round "4"]
[White "lasRojas"]
[Black "DIMONBANAN"]
[Result "0-1"]
[WhiteElo "2304"]
[BlackElo "2537"]
[TimeControl "180+1"]
[EndTime "8:39:13 PDT"]
[Termination "DIMONBANAN won on time"]

1. e4 e5 2. Nf3 Nc6 3. d4 exd4 4.
Nxd4 Bc5 5. Nb3 Bb4+ 6. c3 Be7 7. Be2 Nf6 8. N1d2 d5 9. exd5 Qxd5 10. Bf3 Qe5+ 11.
Qe2 Qxe2+ 12. Bxe2 O-O 13. O-O Bf5 14. Nc4 Rad8 15.
Bf4 Nd5 16. Bg3 b5 17. Ne5 Nxe5 18. Bxe5 c6 19. Nd4 Bd7 20. Rfd1 Bc5 21. Nxb5 Rfe8 22. Bd4 Rxe2 23. Bxc5 Rxb2 24. c4 Nf6 25. Nd6 Be6 26. Rdb1 Rd2 27. Rd1 Rxd1+ 28. Rxd1 Ne4 29. Ba3 c5 30.
Bxc5 Nxc5 31. Rd2 Nb7 32. Ne4 Bxc4 0-1

[Event "Early-Titled-Tuesday-Blitz-March-12-2024"]
[Site "Chess.com"]
[Date "2024.03.12"]
[Round "4"]
[White "Eloist"]
[Black "KSho99"]
[Result "1-0"]
[WhiteElo "2445"]
[BlackElo "2135"]
[TimeControl "180+1"]
[EndTime "8:39:13 PDT"]
[Termination "Eloist won by resignation"]

1. e4 e6 2. d4 d5 3. Nd2 Be7 4.
Ngf3 Nf6 5. e5 Nfd7 6. Bd3 c5 7. c3 b6 8. a4 Ba6 9. Bb5 O-O 10. O-O Qc7 11. Re1 c4 12. b3 cxb3 13. Qxb3 Rc8 14. Bb2 Bxb5 15. axb5 a5 16. bxa6 Nxa6 17. Ba3 Bxa3 18.
Rxa3 Qb7 19. Rea1 Nc7 20. h4 Rxa3 21. Rxa3 Ra8 22. h5 h6 23. Qb4 Rxa3 24. Qxa3 Nb5 25. Qb4 Qc6 26. c4 dxc4 27. Nxc4 Qd5 28. Ne3 Qc6 29.
Qe7 Nf8 30. d5 exd5 31. Qd8 d4 32. Nf5 Qd7 33. Ne7+ Kh7 34. Qxf8 1-0

[Event "Early-Titled-Tuesday-Blitz-March-12-2024"]
[Site "Chess.com"]
[Date "2024.03.12"]
[Round "4"]
[White "Misterfox120"]
[Black "agvega14"]
[Result "1/2-1/2"]
[WhiteElo "2399"]
[BlackElo "2209"]
[TimeControl "180+1"]
[EndTime "8:39:17 PDT"]
[Termination "Game drawn by repetition"]

1. d4 d5 2. Bf4 Nf6 3. e3 c5 4.
Nf3 Nc6 5. Nbd2 Bf5 6. dxc5 e6 7. Bb5 Bxc5 8. Nd4 Bxd4 9. exd4 O-O 10. c3 Rc8 11. O-O Qb6 12. a4 a6 13. Bxc6 bxc6 14. Qb3 Qa7 15. a5 Nd7 16. Qa3 c5 17. Nb3 cxd4 18.
Nxd4 Bg6 19. Be3 Qb7 20. Rac1 Rb8 21. b4 e5 22. Nb3 Rfc8 23. Bc5 Qc6 24. Rfe1 f6 25.
Qa2 Bf7 26. Qd2 Qa4 27. Qc2 Qb5 28. Red1 Rc6 29. h3 Rbc8 30. Rd2 Qc4 31. Rdd1 Qb5 32. Rd2 Bg6 33. Qa2 Bf7 34. Qc2 1/2-1/2

[Event "Early-Titled-Tuesday-Blitz-March-12-2024"]
[Site "Chess.com"]
[Date "2024.03.12"]
[Round "4"]
[White "Real_taiatai"]
[Black "Witty_Alien"]
[Result "1-0"]
[WhiteElo "2542"]
[BlackElo "2322"]
[TimeControl "180+1"]
[EndTime "8:39:18 PDT"]
[Termination "Real_taiatai won by checkmate"]

1. c3 e5 2. d4 exd4 3. cxd4 d5 4. Nc3 Nf6 5. Bg5 c6 6. e3 Bd6 7. Bd3 h6 8. Bh4 Nbd7 9. Qc2 Nf8 10. Nf3 Ne6 11. h3 g5 12. Bg3 Bxg3 13. fxg3 Qd6 14. O-O-O Qxg3 15. Rhf1 g4 16. hxg4 Nxg4 17. Qe2 Bd7 18.
Bf5 O-O-O 19. Kb1 Rde8 20. Qd2 Kb8 21. Bxg4 Qxg4 22. Ne5 Qg3 23. Nxd7+ Ka8 24. Na4 Re7 25.
Qa5 a6 26. Qb4 Qg6+ 27. Ka1 Ka7 28. Qxe7 Nxd4 29. Qc5+ b6 30. Qxb6+ Ka8 31. Qxa6# 1-0

[Event "Early-Titled-Tuesday-Blitz-March-12-2024"]
[Site "Chess.com"]
[Date "2024.03.12"]
[Round "4"]
[White "AttilaTurzo"]
[Black "Goryachkina"]
[Result "1/2-1/2"]
[WhiteElo "2472"]
[BlackElo "2673"]
[TimeControl "180+1"]
[EndTime "8:39:21 PDT"]
[Termination "Game drawn by repetition"]

1. d4 Nf6 2. Bf4 g6 3. Nf3 Bg7 4. c3 O-O 5. Nbd2 d6 6. e4 Nbd7 7. h3 Qe8 8. Be2 e5 9. dxe5 dxe5 10. Be3 Nh5 11. O-O Nf4 12. Bc4 h6 13. a4 g5 14. Re1 a5 15. Bf1 Qe7 16. g3 Ng6 17. Bg2 Nf6 18. Qc2 g4 19. hxg4 Nxg4 20. Nf1 Be6 21.
N3h2 h5 22. Nxg4 hxg4 23. Rad1 Rfd8 24. Rxd8+ Rxd8 25. Rd1 b6 26. Rxd8+ Qxd8 27. Nd2 Bf6 28. Bf1 Bg5 29. Bxg5 Qxg5 30. Bc4 Nf8 31. Bxe6 Nxe6 32. Nc4 Qh5 33. Qd1 Ng5 34. Ne3 Nf3+ 35. Kf1 Kh7 36. Ke2 Qg6 37. Nf5 Qe6 38. Qh1+ Kg8 39. Qh6 Qc4+ 40.
Ke3 Qc5+ 41. Ke2 Qc4+ 42. Ke3 Qc5+ 43. Ke2 Qc4+ 1/2-1/2

[Event "Early-Titled-Tuesday-Blitz-March-12-2024"]
[Site "Chess.com"]
[Date "2024.03.12"]
[Round "4"]
[White "volodja49"]
[Black "blitzking1729"]
[Result "0-1"]
[WhiteElo "2601"]
[BlackElo "2812"]
[TimeControl "180+1"]
[EndTime "8:39:24 PDT"]
[Termination "blitzking1729 won on time"]

1. d4 Nf6 2. c4 g6 3. Nc3 Bg7 4. e4 O-O 5. f3 c5 6. dxc5 Na6 7.
Be3 Qa5 8. Qa4 Qc7 9. Qb5 Rb8 10. Nge2 b6 11. cxb6 axb6 12. Rc1 Nc5 13. Nd4 Ba6 14. Qb4 Qe5 15. Ndb5 e6 16. Be2 Bxb5 17. Nxb5 d5 18. Bd4 Qg5 19. O-O Nfxe4 20. Bxg7 Qe3+ 21. Kh1 Kxg7 22. fxe4 Qxe2 23. Qc3+ Kg8 24. Rce1 Qxc4 25. exd5 Qxb5 26.
b4 Ne4 27. Qe5 exd5 28. h4 Rbe8 29. Qd4 Ng3+ 30. Kg1 Qxf1+ 31. Rxf1 Ne2+ 0-1

[Event "Early-Titled-Tuesday-Blitz-March-12-2024"]
[Site "Chess.com"]
[Date "2024.03.12"]
[Round "4"]
[White "Smoking_Crow"]
[Black "LuisFSiles"]
[Result "1-0"]
[WhiteElo "2569"]
[BlackElo "2305"]
[TimeControl "180+1"]
[EndTime "8:39:24 PDT"]
[Termination "Smoking_Crow won on time"]

1. a3 g6 2. h4 h5 3. d4 Bg7 4. Nf3 Nf6 5. c4 d6 6. Nc3 O-O 7. Bf4 c5 8. d5 Bf5 9. Qd2 a6 10. Ng5 b5 11. e4 Bd7 12. cxb5 axb5 13. Bxb5 Bxb5 14. Nxb5 Qb6 15. Nc3 Nfd7 16. O-O Na6 17. Nf3 Rfb8 18. Rab1 c4 19. Bg5 Bf6 20. Bxf6 exf6 21.
Nd4 Nac5 22. Nc6 Re8 23. Qd4 Ne5 24. Nxe5 fxe5 25. Qxc4 Nb3 26. Rfd1 Rec8 27. Qb5 Rab8 28. Qxb6 Rxb6 29. f3 f5 30. Kf2 Kf7 31. Ke3 f4+ 32.
Kd3 g5 33. hxg5 Rg8 34. Rh1 Rxg5 35. Rh2 Rb8 36. a4 Nd4 37. b4 Rbg8 38. b5 Rxg2 39.
Rxg2 Rxg2 40. b6 Nxf3 41. b7 1-0

[Event "Early-Titled-Tuesday-Blitz-March-12-2024"]
[Site "Chess.com"]
[Date "2024.03.12"]
[Round "4"]
[White "EpicPlayz282"]
[Black "Herman-NY"]
[Result "1-0"]
[WhiteElo "2357"]
[BlackElo "2530"]
[TimeControl "180+1"]
[EndTime "8:39:26 PDT"]
[Termination "EpicPlayz282 won on time"]

1. e4 e5 2. Nf3 Nc6 3. Nc3 d6 4. g3 g6 5. d4 Bg4 6. dxe5 dxe5 7. Nd5 Nd4 8. Bg2 c6 9. Ne3 Nxf3+ 10. Bxf3 Qxd1+ 11. Bxd1 Bxd1 12. Nxd1 Nf6 13. f3 Nd7 14. Be3 Bc5 15. Bxc5 Nxc5 16. Ne3 Ke7 17. Nc4 f6 18. a4 Rhd8 19. Ke2 Rd4 20. b3 Rad8 21. a5 Ke6 22. Rhd1 f5 23. exf5+ gxf5 24. Rxd4 Rxd4 25. Re1 Nd7 26.
Kf2 Kf6 27. c3 Rd3 28. Rc1 h5 29. b4 h4 30. Ke2 Rd5 31. Ne3 Rd6 32. gxh4 Nf8 33.
h5 Ne6 34. h6 Nf4+ 35. Kf1 Rd7 36. Rd1 Rh7 37. Rd6+ Kg5 38. h4+ Kxh4 39. Nxf5+ Kh3 40. Kf2 Rf7 41. Ng7 1-0

[Event "Early-Titled-Tuesday-Blitz-March-12-2024"]
[Site "Chess.com"]
[Date "2024.03.12"]
[Round "4"]
[White "CarlosjPineror"]
[Black "Sam_ChessMood"]
[Result "0-1"]
[WhiteElo "2627"]
[BlackElo "2964"]
[TimeControl "180+1"]
[EndTime "8:39:28 PDT"]
[Termination "Sam_ChessMood won by resignation"]

1. e4 d6 2. d4 Nf6 3. Nc3 g6 4. f3 Bg7 5. Be3 a6 6. Qd2 h5 7.
h4 b5 8. Nh3 Bb7 9. Ng5 Nbd7 10. a4 c6 11. Be2 O-O 12. O-O b4 13. Nd1 a5 14. Nf2 c5 15. c3 e6 16. Rfd1 Qe7 17.
Bb5 Rfd8 18. Qe2 Rac8 19. Rac1 Ne8 20. g4 Nef6 21. Rc2 cxd4 22. cxd4 Rxc2 23. Qxc2 Rc8 24.
Qd3 hxg4 25. fxg4 e5 26. d5 Nc5 27. Bxc5 Rxc5 28. Bc4 Bc8 29. b3 Nxg4 30. Nxg4 Bxg4 31. Rf1 Bf6 32. Qe3 Kg7 33. Kg2 Rc8 34. Kg3 Bd7 35.
Nf3 Bxa4 36. Ra1 Bd7 37. Rxa5 Rh8 38. Ra7 Bxh4+ 39. Kg2 Bh3+ 40. Kg1 Qf6 41. Be2 Bg4 42. Rb7 Bg3 43. Nd2 Bf2+ 44. Qxf2 Rh1+ 45. Kg2 Rh2+ 0-1

[Event "Early-Titled-Tuesday-Blitz-March-12-2024"]
[Site "Chess.com"]
[Date "2024.03.12"]
[Round "4"]
[White "Sanyura"]
[Black "cthulhuuu"]
[Result "1-0"]
[WhiteElo "2612"]
[BlackElo "2393"]
[TimeControl "180+1"]
[EndTime "8:39:28 PDT"]
[Termination "Sanyura won by resignation"]

1. Nf3 Nf6 2. c4 g6 3. Nc3 Bg7 4. d4 O-O 5. e4 d6 6. Be2 e5 7. O-O exd4 8. Nxd4 Re8 9. f3 a5 10. Be3 Na6 11. Qd2 c6 12. Rad1 Nc5 13. Nc2 Qb6 14. Na4 Qa6 15. Nxc5 dxc5 16. Bxc5 Be6 17. b3 a4 18. Nd4 axb3 19. axb3 Bd7 20. Bd6 b6 21. e5 Nh5 22. c5 bxc5 23. Bxa6 cxd4 24. Bb7 Ra7 25. Qb4 Nf4 26. Kh1 Nd5 27. Qxd4 Rxb7 28.
b4 Bf5 29. f4 Rd7 30. Qc5 Rc8 31. Rxd5 Be4 32. Rdd1 Rb7 33. Rc1 Rb5 34. Qxb5 cxb5 35. Rxc8+ Bf8 36. Bxf8 Bb7 37. Rb8 1-0

[Event "Early-Titled-Tuesday-Blitz-March-12-2024"]
[Site "Chess.com"]
[Date "2024.03.12"]
[Round "4"]
[White "VinzentSpitzl"]
[Black "falzehope0"]
[Result "0-1"]
[WhiteElo "2555"]
[BlackElo "2434"]
[TimeControl "180+1"]
[EndTime "8:39:29 PDT"]
[Termination "falzehope0 won on time"]

1. e4 d6 2. d4 Nf6 3. Nc3 Nbd7 4. Be3 e5 5. h3 c6 6. a4 Qa5 7. Qd2 Be7 8. g4 h6 9. Nge2 b5 10. Bg2 b4 11. Nd1 Ba6 12. O-O Nf8 13. f4 exf4 14.
Bxf4 Ne6 15. Be3 Ng5 16. e5 dxe5 17. Bxc6+ Kf8 18. Bxa8 Nxh3+ 19. Kh2 Ng5 20. Rxf6 gxf6 21. Ng3 e4 22. Bxe4 Bd6 23. Bf4 Qc7 24. Bxd6+ Qxd6 25. Kg2 Qxg3+ 26. Kxg3 Nxe4+ 27. Kf4 Nxd2 28. Ne3 h5 29. b3 h4 30. Rd1 h3 31. Kg3 h2 32. Rh1 Ne4+ 33.
Kg2 Bb7 34. d5 Ng5 35. Rxh2 Rxh2+ 36. Kxh2 Ke7 37. Nf5+ Kd7 38. d6 Be4 39. Ne3 Bxc2 40. Kg3 Bxb3 0-1

[Event "Early-Titled-Tuesday-Blitz-March-12-2024"]
[Site "Chess.com"]
[Date "2024.03.12"]
[Round "4"]
[White "Practical-Play"]
[Black "NelsonLinda"]
[Result "0-1"]
[WhiteElo "2436"]
[BlackElo "2620"]
[TimeControl "180+1"]
[EndTime "8:39:30 PDT"]
[Termination "NelsonLinda won by resignation"]

1. e4 c5 2. Nc3 a6 3. g3 b5 4.
Bg2 Bb7 5. Nge2 Nf6 6. O-O Qc7 7.
d3 d6 8. h3 Nbd7 9. g4 g6 10.
f4 Bg7 11. f5 O-O 12. Nf4 Nb6 13.
h4 b4 14. Nb1 d5 15. g5 Nfd7 16. h5 dxe4 17. dxe4 Ne5 18. fxg6 fxg6 19. h6 Bh8 20. Bh3 Rad8 21. Qe1 Qc6 22. Be6+ Nf7 23. Nd2 Bd4+ 24. Kh2 Kh8 25. Nb3 Be5 26. Kg1 Nxg5 27. Bd5 Nxd5 28.
exd5 Qf6 29. Nxc5 Bxd5 30. Nxd5 Qxf1+ 31. Qxf1 Rxf1+ 32. Kxf1 Rxd5 33. Bxg5 Rxc5 34. Rd1 Bd6 35. Bxe7 Bxe7 0-1

[Event "Early-Titled-Tuesday-Blitz-March-12-2024"]
[Site "Chess.com"]
[Date "2024.03.12"]
[Round "4"]
[White "GilbertoHernandezAmura"]
[Black "Louis-Paulsen-Fan"]
[Result "1-0"]
[WhiteElo "2457"]
[BlackElo "2254"]
[TimeControl "180+1"]
[EndTime "8:39:30 PDT"]
[Termination "GilbertoHernandezAmura won by checkmate"]

1. d4 d5 2. Nc3 Bf5 3. Bf4 c6 4. e3 e6 5. g4 Bg6 6. h4 h5 7. g5 Bd6 8. Nf3 Bxf4 9. exf4 Nd7 10. Bd3 Ne7 11. Qd2 Qc7 12. O-O-O Bxd3 13. cxd3 Nf5 14. Kb1 O-O-O 15. Ne2 Kb8 16. Rc1 f6 17. Rhg1 Rde8 18. gxf6 gxf6 19. Rg6 e5 20. fxe5 fxe5 21. Rg5 Nxd4 22.
Nexd4 exd4 23. Nxd4 Ne5 24. f4 Ng4 25. f5 Qe5 26. Qb4 Ka8 27. a4 Nf2 28. Qc3 Qe3 29. Ka2 Qxd3 30. Qb4 Re4 31. Rg7 Rb8 32. Rxc6 bxc6 33.
Nxc6 Rbxb4 34. Rxa7# 1-0

[Event "Early-Titled-Tuesday-Blitz-March-12-2024"]
[Site "Chess.com"]
[Date "2024.03.12"]
[Round "4"]
[White "chess_blitz00"]
[Black "amelia91"]
[Result "0-1"]
[WhiteElo "2466"]
[BlackElo "2089"]
[TimeControl "180+1"]
[EndTime "8:39:33 PDT"]
[Termination "amelia91 won on time"]

1. a3 d5 2. d4 Nf6 3. Nc3 e6 4.
Bf4 Bd6 5. e3 O-O 6. Nge2 c5 7.
f3 Qc7 8. Qd2 Nbd7 9. g4 e5 10. dxe5 Nxe5 11. Bg2 a6 12. O-O-O Nc4 13. Qd3 b5 14. Nxd5 Nxd5 15. Qxd5 Bxf4 16. Nxf4 Nxe3 17.
Qxa8 Nxd1 18. Rxd1 Qxf4+ 19. Kb1 Qxh2 20. Bf1 Qc7 21. Qe4 Bb7 22. Qf5 c4 23. Rd7 Qc6 24. Re7 Qxf3 25. a4 Qd1+ 26. Ka2 Bc8 27. Qf4 Be6 28. Be2 c3+ 29. Rxe6 Qd5+ 30. Bc4 bxc4 31.
Re5 Qa5 32. Qxc4 Qxe5 33. b4 Qe6 34. Qxe6 fxe6 35. Kb3 Rc8 36. b5 axb5 37. axb5 Kf7 38. Kb4 Ke7 39. b6 Kd6 40. Kb5 g6 41. b7 Rf8 42. g5 e5 43. Kb6 e4 0-1

[Event "Early-Titled-Tuesday-Blitz-March-12-2024"]
[Site "Chess.com"]
[Date "2024.03.12"]
[Round "4"]
[White "matagordo"]
[Black "Anton_Demchenko"]
[Result "0-1"]
[WhiteElo "2257"]
[BlackElo "3001"]
[TimeControl "180+1"]
[EndTime "8:39:34 PDT"]
[Termination "Anton_Demchenko won on time"]

1. d4 Nf6 2. Bf4 g6 3. Nc3 d5 4.
e3 Bg7 5. h4 c6 6. Be2 Qb6 7. Rb1 h5 8. Nf3 Bg4 9. Ne5 Bxe2 10.
Qxe2 Nbd7 11. f3 Nxe5 12. Bxe5 Kf8 13. O-O Ne8 14. Bxg7+ Nxg7 15. Qf2 Rd8 16. Na4 Qc7 17.
Nc5 b6 18. Nd3 c5 19. c3 Ne6 20. Rbe1 Rg8 21. e4 cxd4 22. cxd4 Qc4 23. Ne5 Qxd4 24. Qxd4 Nxd4 25. exd5 Rxd5 26. Re4 Kg7 27. Rfe1 Rgd8 28.
Kf2 e6 29. Rc1 Rc5 30. Rxc5 bxc5 31. Nc4 Rd5 32. b3 Nf5 33. Re2 Nxh4 0-1

[Event "Early-Titled-Tuesday-Blitz-March-12-2024"]
[Site "Chess.com"]
[Date "2024.03.12"]
[Round "4"]
[White "PIwan"]
[Black "xakevicius91"]
[Result "1-0"]
[WhiteElo "2423"]
[BlackElo "2554"]
[TimeControl "180+1"]
[EndTime "8:39:34 PDT"]
[Termination "PIwan won by resignation"]

1. c4 Nf6 2. Nc3 c5 3. Nf3 b6 4. e3 Bb7 5. d4 e6 6. d5 exd5 7. cxd5 d6 8. e4 Nbd7 9. Bd3 g6 10. O-O Bg7 11. h3 O-O 12. Bf4 Ne8 13. Re1 a6 14. a4 Qc7 15. Nd2 Ne5 16. Bf1 Rd8 17. Bh2 h6 18. f4 Nd7 19. Nc4 Ba8 20. Kh1 Qb8 21. Ne3 Nef6 22. Bxa6 Rfe8 23. Bd3 Nh7 24.
Nc4 Qc7 25. Nb5 Qb8 26. Nbxd6 Rf8 27. Bc2 f5 28. e5 g5 29. Bxf5 gxf4 30. Bxf4 Ng5 31.
Qg4 Bxd5 32. Bxd7 Rxf4 33. Qxf4 Rxd7 34. Rad1 Be6 35. h4 Nf7 36. Nf5 Rxd1 37. Rxd1 Bxc4 38. Nxg7 Kxg7 39. Qxc4 Qxe5 40. Qg4+ Kf8 41. Rf1 Qxb2 42. Qe6 Qg7 43. Qxb6 Qd4 44. Qf6 Qd5 45. Qxh6+ Ke7 46. Qf6+ Kf8 47. a5 c4 48. a6 c3 49. Qxc3 Qe4 50. Qf6 1-0

[Event "Early-Titled-Tuesday-Blitz-March-12-2024"]
[Site "Chess.com"]
[Date "2024.03.12"]
[Round "4"]
[White "alexrustemov"]
[Black "sergoy"]
[Result "0-1"]
[WhiteElo "2861"]
[BlackElo "3013"]
[TimeControl "180+1"]
[EndTime "8:39:35 PDT"]
[Termination "sergoy won on time"]

1. d4 Nf6 2. c4 e6 3. Nf3 d5 4. cxd5 exd5 5. Bg5 c6 6. Nc3 Be7 7.
Qc2 g6 8. e3 Bf5 9. Bd3 Bxd3 10. Qxd3 Nbd7 11. Bh6 Bd6 12. Bg7 Rg8 13. Bxf6 Nxf6 14.
h3 Qe7 15. O-O-O Ne4 16. Qc2 f5 17. Kb1 Qe6 18. g3 O-O-O 19. h4 h6 20. Ne1 Kb8 21. Nd3 g5 22. hxg5 hxg5 23. Ne2 Rh8 24. a3 Qf6 25. Rdg1 a6 26. Qd1 Qg6 27. Ka2 Qe6 28.
Rxh8 Rxh8 29. Rh1 Qf6 30. Qg1 Rh6 31. Rxh6 Qxh6 32. f3 Nd2 33. Qf2 Qh1 34. Ng1 Nc4 35. f4 g4 36. Ne5 Qe4 37. Nxc4 dxc4 38. Ne2 Qf3 39. Qh2 Qxe3 40. Nc3 Qxd4 41. Qh5 Qd3 42. Qe8+ Ka7 43. Qe6 Bc5 44. Qe5 Bd4 45. Qd6 Bxc3 46. Qc5+ Kb8 47. Qf8+ Kc7 48. Qe7+ Qd7 0-1

[Event "Early-Titled-Tuesday-Blitz-March-12-2024"]
[Site "Chess.com"]
[Date "2024.03.12"]
[Round "4"]
[White "SchmakAttack"]
[Black "Let_it_be_1"]
[Result "0-1"]
[WhiteElo "2808"]
[BlackElo "2623"]
[TimeControl "180+1"]
[EndTime "8:39:35 PDT"]
[Termination "Let_it_be_1 won on time"]

1. Nf3 d5 2. g3 e6 3. Bg2 Nf6 4. O-O Be7 5. c4 O-O 6. b3 c5 7.
Bb2 dxc4 8. bxc4 Nc6 9. e3 Qc7 10. d4 cxd4 11. exd4 Na5 12. Na3 Bd7 13. Rc1 Rfd8 14.
Qe2 Rac8 15. Ne5 Be8 16. d5 Qb6 17. dxe6 Qxe6 18. Nb5 Nxc4 19. Nxa7 Ra8 20. Qxc4 Rxa7 21. Qxe6 fxe6 22. Bh3 Bf7 23. Rc7 Nd5 24. Rc4 Rxa2 25. Bd4 Rd2 26. Bc5 Bf6 27. Nxf7 Kxf7 28. Re1 Re8 29.
Bd6 b5 30. Rc5 b4 31. Rb5 Bc3 32. Rb7+ Kf6 33. Rb1 Bd4 34. Rf1 Rc8 0-1